Map: Orbital Shipyard

Players

Womec - Winner!

  • Race: Terran Terran
  • League: Platinum

Freedom

  • Race: Terran Terran
  • League: Platinum

VOD

Have the link to the VOD?

Description

Scout 2 Rax reaper so go maruader marine into tank liberator push into mech.

Time

  • Played on: Oct. 31, 2015, 1:20 a.m.
  • Length: 10:17
Show
View Real Time Build Order
Export as new Build Order

Womec Terran - Winner!

Build Orders: Liberator Opening, Mech 

Get SALT Encoding   

  12  0:00  SCV  
  13  0:13  SCV  
  14  0:17  Supply Depot  
  14  0:25  SCV  
  15  0:28  Refinery  
  15  0:39  SCV  
  16  0:45  Barracks  
  16  0:51  SCV  
  17  1:03  SCV  
  18  1:08  Refinery  
  18  1:15  SCV  
  19  1:27  SCV  
  20  1:35  Barracks Tech Lab  
  20  1:36  Barracks  
  20  1:41  Orbital Command  
  20  1:51  Supply Depot  
  20  1:57  Marauder  
  22  2:05  Concussive Shells  
  22  2:07  SCV  
  23  2:17  Supply Depot  
  23  2:18  Marauder  
  25  2:22  Marine  
  26  2:36  SCV  
  27  2:40  Marine, Marauder  
  27  2:43  Factory  
  30  2:50  SCV  
  31  2:58  Marine  
  31  3:01  Marauder  
  31  3:02  SCV  
  31  3:04  Supply Depot  
  35  3:19  Marine  
  36  3:29  Factory Tech Lab  
  36  3:30  Starport  
  36  3:37  Marine  
  40  3:41  Siege Tank  
  40  3:45  Marine  
  40  3:47  SCV  
  42  3:51  Command Center  
  42  3:55  Liberator  
  42  3:59  Marine  
  42  4:01  SCV  
  43  4:03  Marine  
  47  4:22  Marine  
  47  4:23  Supply Depot x2  
  47  4:30  Marine  
  40  4:32  Siege Tank  
  40  4:42  Liberator  
  40  4:46  Marine  
  40  4:48  Supply Depot, SCV  
  40  4:50  Supply Depot  
  42  4:54  Engineering Bay  
  45  5:07  Marine x2  
  45  5:12  Orbital Command  
  45  5:13  SCV  
  48  5:21  Siege Tank  
  48  5:27  Marine x2  
  53  5:32  SCV  
  54  5:50  Liberator  
  54  6:07  Siege Tank  
  54  6:09  Missile Turret  
  54  6:11  SCV x2  
  62  6:17  Refinery x2, Missile Turret  
  55  6:32  Marine x2  
  55  6:38  Command Center  
  51  6:53  Siege Tank  
  53  7:01  Viking, Marine x2  
  55  7:04  SCV  
  55  7:05  SCV  
  59  7:10  Factory  
  59  7:12  Factory  
  59  7:16  SCV  
  59  7:17  SCV  
  58  7:29  SCV  
  59  7:31  Marine x2  
  59  7:32  Siege Tank  
  59  7:35  Starport Reactor  
  58  7:38  SCV  
  58  7:41  SCV  
  53  7:56  Hellion  
  53  7:57  Hellion  
  57  7:59  Orbital Command  
  57  8:00  SCV, Armory  
  57  8:01  SCV  
  59  8:12  SCV  
  60  8:17  Viking x2, Siege Tank  
  60  8:19  Hellion x2  
  71  8:20  SCV  
  71  8:24  SCV  
  71  8:35  Orbital Command  
  71  8:42  Hellion x2  
  72  8:49  Viking x2  
  73  9:01  Refinery, Siege Tank  
  76  9:02  Missile Turret  
  76  9:03  Hellion  
  76  9:04  Missile Turret  
  76  9:05  SCV x2  
  76  9:06  SCV, Refinery  
  79  9:18  Hellion  
  81  9:25  Hellion, Viking x2  
  81  9:26  SCV x3  
  90  9:37  Siege Tank  
  90  9:38  SCV  
  94  9:45  SCV x2  
  96  9:46  Hellion  
  96  9:49  Factory Reactor  
  96  9:50  Missile Turret  
  96  9:51  Barracks Reactor, Barracks Tech Lab  
  98  9:54  Hellion, Factory  
Show
View Real Time Build Order
Export as new Build Order

Freedom Terran 

Build Orders: MMM Bio 

Get SALT Encoding   

  12  0:00  SCV  
  13  0:12  SCV  
  14  0:17  Supply Depot  
  14  0:25  SCV  
  15  0:29  Refinery  
  15  0:39  SCV  
  16  0:45  Barracks  
  16  0:52  SCV  
  17  0:59  Barracks  
  17  1:04  SCV  
  18  1:16  SCV  
  19  1:30  SCV  
  20  1:33  Reaper  
  21  1:40  Supply Depot  
  21  1:42  Orbital Command  
  21  1:46  Reaper  
  22  2:05  Reaper  
  23  2:09  SCV  
  24  2:17  Command Center  
  25  2:23  SCV  
  25  2:27  Refinery  
  25  2:40  Marine  
  25  2:41  Marine  
  27  2:46  SCV, Barracks  
  27  2:48  Factory  
  28  2:58  SCV  
  28  3:00  Barracks Tech Lab, Engineering Bay  
  28  3:01  Barracks Reactor  
  29  3:17  SCV  
  29  3:19  Marine  
  31  3:20  Stimpack  
  30  3:29  SCV  
  30  3:32  Factory Reactor  
  31  3:36  Marine  
  31  3:39  Orbital Command  
  31  3:40  Marine  
  31  3:41  Marine  
  33  3:46  Marine  
  34  4:03  Marine x3  
  37  4:10  SCV, Marine  
  37  4:12  Hellion x2  
  37  4:15  SCV  
  44  4:18  Supply Depot  
  44  4:21  Marine  
  44  4:29  Marine  
  44  4:30  SCV  
  40  4:32  Marine x2  
  41  4:39  Marine  
  44  4:46  SCV  
  44  4:49  SCV  
  44  4:50  Marine  
  45  5:01  Marine x2  
  45  5:03  SCV  
  45  5:05  Factory Reactor  
  45  5:06  SCV, Starport  
  49  5:08  Refinery  
  49  5:09  Marine  
  49  5:10  Marine  
  49  5:11  Marine  
  52  5:15  SCV  
  52  5:19  Terran Infantry Weapons Level 1  
  52  5:21  Combat Shields  
  53  5:26  Supply Depot  
  53  5:29  SCV  
  53  5:30  Missile Turret  
  54  5:45  SCV  
  54  5:46  SCV  
  54  5:47  Marine x2  
  53  5:50  Supply Depot  
  53  6:02  Marine x2  
  55  6:08  Viking  
  55  6:09  Viking  
  50  6:25  Marine x2  
  33  6:26  Marine  
  34  6:33  Factory Tech Lab  
  34  6:52  Viking  
  34  6:53  Viking, Marine  
  40  6:54  SCV x2  
  40  6:58  Command Center  
  40  6:59  Marine  
  40  7:00  Command Center  
  42  7:04  Marine  
  36  7:32  Marine  
  36  7:36  Marine x2  
  39  7:37  Siege Tank, Medivac x2  
  39  7:38  SCV x2  
  47  7:44  Barracks  
  38  8:04  Marauder, Marine x2  
  39  8:22  Marine x2  
  39  8:30  Marine  
  25  8:57  Marine  
  25  8:58  Siege Tank  
  25  9:01  Orbital Command  
  25  9:02  Orbital Command  
  27  9:10  SCV  
  27  9:11  Barracks  
  27  9:13  SCV, Barracks x2  
  29  9:22  SCV  
  29  9:23  Concussive Shells  
  30  9:24  Marine  
  30  9:29  SCV  
  30  9:31  Armory  
  32  9:34  SCV  
  33  9:39  Siege Tank  
  33  9:41  SCV x2  
  33  9:44  Refinery  
  38  9:46  Orbital Command  
  38  9:47  Starport  
  38  9:49  Marine  
  38  9:50  SCV  
  40  9:53  SCV x2  
  40  9:59  Barracks Reactor  
  42  10:03  SCV  
Tags
 
Add a new tag
Caveats
  • Supply blocks, unpowered buildings, or Contaminate may cause inaccurate times.
  • Supply counts are checked every 10 seconds.